 Dungeon Crawl Stone Soup version 0.30.0-5-g1a98f26d00 (webtiles) character file.

Game seed: 10263739761319119280

55 LaggoTC the Sneak (level 3, 0/21 HPs)
             Began as an Octopode Conjurer on May 10, 2023.
             Slain by a kobold
             ... wielding a +0 whip
              (5 damage)
             ... on level 3 of the Dungeon.
             The game lasted 00:08:46 (1342 turns).

LaggoTC the Sneak (Octopode Conjurer)               Turns: 1342, Time: 00:08:47

Health: 0/21       AC:  1    Str:  6    XL:     3   Next: 93%
Magic:  0/7        EV: 13    Int: 20    God:
Gold:   52         SH:  0    Dex: 12    Spells: 6/7 levels left

rFire   . . .        (no weapon)
rCold   x . .        (no shield)
rNeg    . . .        (helmet restricted)
rPois   .            (no amulet)
rElec   .            (no ring)
rCorr   .            (no ring)
SInv    .            (no ring)
Will    .....        (no ring)
Stlth   ++++         (no ring)
HPRegen 0.23/turn    (no ring)
MPRegen 0.10/turn    (no ring)
                     (no ring)

%: no passive effects
@: no status effects
A: almost no armour, amphibious, 8 rings, camouflage 1, gelatinous body 1,
(nimble swimmer 1), tentacles, cold vulnerability 1
a: no special abilities


You were on level 3 of the Dungeon.
You visited 1 branch of the dungeon, and saw 3 of its levels.

You collected 52 gold pieces.

Inventory:

Scrolls
 c - a scroll of noise {unknown}
 d - a scroll of immolation {unknown}
 g - a scroll of identify {unknown}
 h - a scroll of acquirement {unknown}
 i - a scroll of enchant weapon {unknown}
Potions
 a - a potion of magic
 b - 3 potions of mutation
 e - a potion of brilliance {unknown}
 f - a potion of degeneration {unknown}


   Skills:
 + Level 0.1 Fighting
 - Level 2.0 Dodging
 * Level 4.5 Stealth
 + Level 0.6 Unarmed Combat
 * Level 2.8 Spellcasting
 - Level 4.0 Conjurations


You had 6 spell levels left.
You knew the following spells:

 Your Spells              Type           Power      Damage    Failure   Level
a - Magic Dart            Conj           72%        1d6       2%          1

Your spell library contained the following spells:

 Spells                   Type           Power      Damage    Failure   Level
 Searing Ray              Conj           36%        2d5       4%          2
 Dazzling Flash           Conj/Hex       20%        N/A       19%         3
 Poisonous Vapours        Pois/Air       4%         N/A       22%         2
 Mephitic Cloud           Conj/Pois/Air  8%         N/A       26%         3
 Fulminant Prism          Conj/Hex       5%         3d7       54%         4
 Iskenderun's Mystic Bla  Conj/Tloc      10%        2d4       54%         4
 Freezing Cloud           Conj/Ice/Air   4%         6-21      93%         5


Dungeon Overview and Level Annotations

Branches:
Dungeon (2/15)

Altars:

Shops:
D:1 (


Innate Abilities, Weirdness & Mutations

You cannot wear most types of armour.
You are amphibious.
You can wear up to eight rings at the same time.
Your skin changes colour to match your surroundings (Stealth+).
Your rubbery body absorbs attacks. (AC +1, EV +1)
((You are camouflaged when in or above water. (Stealth+)))
You have tentacles for arms and can constrict up to eight enemies at once.
You are vulnerable to cold. (rC-)


Message History

The kobold is moderately wounded.
The kobold closely misses you.
You barely miss the kobold. Your grab misses the kobold.
Your squeeze misses the kobold.
The kobold is moderately wounded.
You closely miss the kobold. Your grab misses the kobold.
The kobold is moderately wounded.
The kobold hits you with a +0 whip.
You barely miss the kobold. Your grab misses the kobold.
The kobold is moderately wounded.
The kobold hits you with a +0 whip.
You miss the kobold. Your grab misses the kobold.
The kobold is moderately wounded.
The kobold closely misses you.
There are monsters nearby!
There are monsters nearby!
You closely miss the kobold. Your grab misses the kobold.
The kobold is moderately wounded.
The kobold barely misses you.
It was a potion of mutation.
You feel extremely strange.
You feel vulnerable to cold. The kobold hits you with a +0 whip.
Casting: Magic Dart (safe; 2% risk of failure)
Confirm with . or Enter, or press ? or * to list all spells.
Aiming: Magic Dart (safe; 2% risk of failure)
Press: ? - help, Shift-Dir - straight line, f/p - kobold
Aim: a kobold, wielding a +0 whip and wearing a +0 leather armour (moderately wounded, 100% to hit)
The magic dart hits the kobold but does no damage.
The kobold is moderately wounded.
The kobold hits you with a +0 whip.
You miss the kobold. You grab the kobold.
The kobold is moderately wounded.
You constrict the kobold, but do no damage.
The kobold hits you with a +0 whip.
* * * LOW HITPOINT WARNING * * *
You tentacle-slap the kobold but do no damage.
The kobold is moderately wounded.
You constrict the kobold, but do no damage.
The kobold hits you with a +0 whip.
You die...

#.#..#.....
###...## ....
#....## .##
#.....#. ..
##..#.##.# g
# #..####
.#### .# #.##
.r) #)#
#..####
#K##..#
####..#.##
##@#..#
#......#....#
#....#
######...#.##
##.###
###....###..#
##....#..##
##.....##
##...## #####


You could see a kobold and a rat.

Vanquished Creatures
  An adder (D:3)
  6 bats
  2 endoplasms
  10 goblins
  A hobgoblin (D:3)
  10 jackals
  A quokka (D:1)
  2 ball pythons (D:1)
  A frilled lizard (D:1)
  5 rats
39 creatures vanquished.

Notes
Turn   | Place    | Note
-------+----------+-------------------------------------------
     0 | D:1      | LaggoTC the Octopode Conjurer began the quest for the Orb.
     0 | D:1      | Reached XP level 1. HP: 11/11 MP: 3/3
   238 | D:1      | Reached XP level 2. HP: 17/17 MP: 0/5
   480 | D:1      | Reached XP level 3. HP: 20/21 MP: 0/6
   890 | D:1      | Found Wuqeixo's Weapon Boutique.
  1019 | D:2      | You fall into a shaft and drop 1 floor!
  1339 | D:3      | Gained mutation: You are vulnerable to cold. (rC-) [potion
                  | of mutation]
  1342 | D:3      | Slain by a kobold

Illustrated notes

Levels and vault maps discovered:
D:1:      lemuel_arrival_room, layout_basic, serial_shops,
          nicolae_shop_bloodbath_and_beyond, dk_noncrumbling_4,
          serial_bayou_lagoon_a
D:2:      layout_loops_ring, ebering_ecumenical_altar_box,
          hangedman_decor_points, minmay_misc_feat_cross, uniq_robin,
          uniq_sigmund
D:3:      layout_rooms, minmay_fractal_squares_gapless_5

Skill      XL: |  1  2 |
---------------+-------+-----
Stealth        | 3 4 |  4.5
Fighting       | |  0.1
Dodging        | |  2.0
Unarmed Combat | |  0.6
Spellcasting   | |  2.8
Conjurations   | |  4.0

Action                     || total
---------------------------++-------
  Melee: Unarmed           ||    33
         Constrict         ||     9
         Tentacles         ||     9
         Punch             ||     3
   Cast: Magic Dart        ||    67
    Use: Potion            ||     1
 Armour: Skin              ||     4
  Dodge: Dodged            ||    46
